AoeStats
← Антон Романович

Arena

510115323Analyzed
1v1 RM · 2d ago on Sep 29, 2026· 40m 5s· 2 players
Game mode
Random Map
Map size
Tiny (2 player)
Population
200
Speed
Normal
Resources
Standard
Victory
Conquest
Starting age
Dark Age
Ending age
Imperial Age
RankedLock teamsTeams togetherTeam positionsShared explorationLock speedFull tech treeHidden civsTurbo modeCheats
Victory
Defeat
684
+19
🇺🇦 Britons · Ukraine
740
-19
Антон Романович
7:06 Loom
9:11 Feudal Age
19:26 Castle Age
18:09 Double-Bit Axe
18:08 Horse Collar
19:03 Gold Mining
19:16 Stone Mining
19:45 Fletching
19:56 Padded Archer Armor
20:47 Fervor
20:47 Redemption
22:31 Sanctity
25:14 Wheelbarrow
25:01 Bow Saw
26:15 Heavy Plow
27:15 Stone Shaft Mining
30:54 Imperial Age
28:21 Elite Skirmisher
32:10 Conscription
32:13 Murder Holes
32:24 Herbal Medicine
32:45 Block Printing
32:55 Illumination
33:06 Theocracy
36:16 Ballistics
36:30 Hand Cart
37:03 Forging
39:14 Chemistry
Vladislave
10:44 Feudal Age
13:53 Scale Barding Armor
13:59 Forging
14:28 Horse Collar
18:49 Castle Age
17:46 Fletching
17:45 Double-Bit Axe
18:05 Padded Archer Armor
25:23 Wheelbarrow
26:05 Gold Mining
26:06 Stone Mining
26:30 Bow Saw
27:53 Gold Shaft Mining
28:04 Heavy Plow
28:50 Hand Cart
29:47 Ballistics
31:11 Treadmill Crane
32:40 Husbandry
32:01 Light Cavalry
32:38 Bodkin Arrow
32:58 Leather Archer Armor
32:55 Forging
33:05 Chain Barding Armor
37:11 Iron Casting
42:40 Imperial Age
39:58 Pikeman
40:38 Squires
40:23 Arson
40:25 Gambesons
Connection lost

Rejoining the realm…

Still unreachable

The connection could not be restored.

Session expired

The server has moved on; the page needs a fresh start.